 Dungeon Crawl Stone Soup version 0.30-a0-1157-g2cc9ac7196 (webtiles) character file.

Game seed: 14846053520826029565

116 cforsyth the Caller (level 4, -7/33 HPs)
             Began as a Demigod Summoner on Apr 25, 2023.
             Killed from afar by Ijyb (19 damage)
             ... with an iceblast
             ... on level 3 of the Dungeon.
             The game lasted 00:06:01 (3663 turns).

cforsyth the Caller (Demigod Summoner)              Turns: 3663, Time: 00:06:01

Health: -7/33      AC:  4    Str:  9    XL:     4   Next: 43%
Magic:  3/11       EV: 12    Int: 21    God:
Gold:   174        SH:  0    Dex: 14    Spells: 3/9 levels left

rFire   . . .        (no weapon)
rCold   . . .        (no shield)
rNeg    . . .        a - +0 robe
rPois   .            (no helmet)
rElec   .            j - +0 cloak
rCorr   .            (no gloves)
SInv    .            m - +0 pair of boots
Will    .....        (no amulet)
Stlth   ++           (no ring)
HPRegen 0.25/turn    (no ring)
MPRegen 0.12/turn

%: no passive effects
@: no status effects
A: high MP 1, forlorn, divine attributes
a: no special abilities


You were on level 3 of the Dungeon.
You visited 1 branch of the dungeon, and saw 4 of its levels.

You collected 174 gold pieces.

Inventory:

Hand Weapons
 q - the +1 sling of Wump {drain, rCorr Str+7 Dex-3 Stlth-}
   (You found it on level 3 of the Dungeon)

   Str:       It affects your strength (+7).
   Dex:       It affects your dexterity (-3).
   rCorr:     It protects you from acid and corrosion.
   Stlth:     It makes you less stealthy.
Armour
 a - a +0 robe (worn)
 j - a +0 cloak (worn)
 m - a +0 pair of boots (worn)
Scrolls
 c - 2 scrolls of identify {unknown}
 f - a scroll of immolation {unknown}
 g - 2 scrolls of enchant armour {unknown}
 h - a scroll of fog {unknown}
 o - a scroll of noise {unknown}
 p - a scroll of torment {unknown}
Potions
 b - a potion of magic
 d - a potion of flight {unknown}
 e - 2 potions of resistance {unknown}
 i - 2 potions of haste {unknown}
 k - a potion of lignification {unknown}
 l - 2 potions of heal wounds
 n - a potion of ambrosia {unknown}


   Skills:
 - Level 1.7 Dodging
 - Level 1.7 Stealth
 + Level 3.2 Spellcasting
 + Level 4.7 Summonings


You had 3 spell levels left.
You knew the following spells:

 Your Spells              Type           Power      Damage    Failure   Level
a - Summon Small Mammal   Summ           92%        N/A       1%          1
b - Call Imp              Summ           46%        N/A       2%          2
c - Call Canine Familiar  Summ           23%        N/A       5%          3

Your spell library contained the following spells:

 Spells                   Type           Power      Damage    Failure   Level
 Summon Guardian Golem    Hex/Summ       13%        N/A       16%         3
 Summon Lightning Spire   Summ/Air       13%        N/A       45%         4


Dungeon Overview and Level Annotations

Branches:
Dungeon (4/15)
 Temple: D:4-7

Annotations:
D:1 1 transporter
D:3 Ijyb


Innate Abilities, Weirdness & Mutations

You have an increased reservoir of magic. (+10% MP)
You shall have no god before yourself.
Your divine heritage dramatically boosts your attributes as you level up.


Message History

Your hound barely misses Ijyb.
Your cerulean imp hits Ijyb but does no damage.
Ijyb barely misses your quokka.
Your quokka bites Ijyb but does no damage.
Your hound closely misses Ijyb.
Your quokka bites Ijyb.
Your quokka closely misses Ijyb.
Your hound bites Ijyb but does no damage.
Your cerulean imp hits Ijyb but does no damage.
Ijyb closely misses your quokka.
Your quokka bites Ijyb but does no damage.
Your hound closely misses Ijyb.
Your quokka closely misses Ijyb.
Your quokka misses Ijyb.
Your cerulean imp hits Ijyb but does no damage.
Ijyb closely misses your quokka.
Your hound barely misses Ijyb.
Your quokka barely misses Ijyb.
Your quokka closely misses Ijyb.
Your hound bites Ijyb but does no damage.
Your cerulean imp closely misses Ijyb.
Ijyb barely misses your cerulean imp.
Your quokka barely misses Ijyb.
Your hound bites Ijyb.
Your quokka misses Ijyb.
Your cerulean imp closely misses Ijyb.
Ijyb misses your cerulean imp.
Your quokka disappears in a puff of smoke!
Your hound bites Ijyb.
Your quokka bites Ijyb but does no damage.
Your cerulean imp hits Ijyb but does no damage.
Ijyb misses your quokka.
Your hound barely misses Ijyb.
Your quokka barely misses Ijyb.
Your hound bites Ijyb but does no damage.
Ijyb hits your quokka with a +0 club.
Your cerulean imp hits Ijyb but does no damage.
Your quokka bites Ijyb but does no damage.
Your hound bites Ijyb.
Your cerulean imp hits Ijyb but does no damage.
Your quokka barely misses Ijyb.
Ijyb completely misses your cerulean imp.
Your hound bites Ijyb but does no damage.
Your hound bites Ijyb but does no damage.
Your quokka barely misses Ijyb.
Ijyb zaps a wand.
The mass of ice explodes!
The iceblast engulfs you!!
Ouch! That really hurt!
You die...

#.......#######,*,* *,* *,
#.......#######.*,****#*,* **
#.......'.......*,,,,.##,* ****
#.......#############..,,* **,,,
'.....................#*,****,,**
#######......(......#.##,,,,*,***
* #...................,,,,[>***
#.#............<..#*,,,,5[g,,
#.#.........@#######*********
#.#..........'......,,,,,,,**
#.#..........#######**,,,,,**
#.#..........# *,,,,,*,
#####'#..........# *,,,,,*,
................5# *,,,,,,,
..............rgh# *,,,,,,,
.................######***,,,,,,,
.......######...........,,,,,,,,,


You could see Ijyb (ally target), a friendly hound (summoned), a friendly
cerulean imp (summoned) and a friendly quokka (summoned).

Vanquished Creatures (collateral kills)
  An orc wizard (D:3)
  2 adders (D:2)
  2 worms (D:2)
  3 dart slugs
  4 orcs
  5 bats
  4 endoplasms
  3 giant cockroaches
  5 goblins
  6 hobgoblins
  3 jackals (D:3)
  A quokka (D:1)
  5 ball pythons
  5 frilled lizards
  3 kobolds
  4 rats
56 creatures vanquished.

Notes
Turn   | Place    | Note
-------+----------+-------------------------------------------
     0 | D:1      | cforsyth the Demigod Summoner began the quest for the Orb.
     0 | D:1      | Reached XP level 1. HP: 14/14 MP: 5/5
   260 | D:1      | Reached XP level 2. HP: 20/20 MP: 3/7
   313 | D:1      | Learned a level 2 spell: Call Imp
   584 | D:1      | Reached skill level 4 in Summonings
  1382 | D:2      | Reached XP level 3. HP: 14/26 MP: 4/9
  1614 | D:2      | Learned a level 3 spell: Call Canine Familiar
  2258 | D:3      | Reached XP level 4. HP: 32/33 MP: 8/11
  2780 | D:3      | Identified the +1 sling of Wump {drain, rCorr Str+7 Dex-3
                  | Stlth-}
  2918 | D:4      | Noticed Ijyb
  3663 | D:3      | Killed from afar by Ijyb

Illustrated notes

Levels and vault maps discovered:
D:1:      spicycebolla_arrival_risky_transporter, layout_loops_ring
D:2:      layout_loops_cross, basic_altar, kennysheep_generic_room_8
D:3:      layout_basic, grunt_decor_fettered
D:4:      layout_cave_pools, yredelemnul_forgotten_temple_becter,
          lightli_temple_of_fire, nicolae_kite_square_tiling_tiny, uniq_ijyb

Skill      XL: |  1  2  3  4 |
---------------+-------------+-----
Spellcasting   | 2 3 |  3.2
Summonings     | 4 |  4.7
Dodging        | |  1.7
Stealth        | |  1.7

Action                     |  1- 3 |  4- 6 || total
---------------------------+-------+-------++-------
  Melee: Unarmed           |    27 |     7 ||    34
   Cast: Summon Small Mamm |    55 |    12 ||    67
         Call Imp          |    14 |    10 ||    24
         Call Canine Famil |     4 |     9 ||    13
 Armour: Robe              |    11 |     3 ||    14
  Dodge: Dodged            |    37 |    14 ||    51

Table legend: (Time is in decaauts)
 A = Elapsed time spent in this place.
 B = Non-inter-level travel time spent in this place.
 C = Inter-level travel time spent in this place.
 D = Time resting spent in this place.
 E = Time spent auto-exploring this place.
 F = Levels seen in this place.
 G = Mean time per level.
                   A        B        C        D        E       F      G
               +--------+--------+--------+--------+--------+-----+--------+
         Total |   3664 |   3567 |     97 |    464 |   2290 |   4 |  916.0 |
       Dungeon |   3664 |   3567 |     97 |    464 |   2290 |   4 |  916.0 |
               +--------+--------+--------+--------+--------+-----+--------+

Top non-repeatable levels by time:
     D:3: 1622 daAuts
     D:1: 1231 daAuts
     D:2: 797 daAuts
     D:4: 13 daAuts
